 Dungeon Crawl Stone Soup version 0.19.1 (webtiles) character file.

491 nikopol the Skirmisher (level 7, -2/66 HPs)
             Began as a Gargoyle Berserker on Dec 18, 2016.
             Was a Priest of Trog.
             Slain by a slave (3 damage)
             ... led by Pikel
             ... on level 5 of the Dungeon.
             The game lasted 00:08:03 (4073 turns).

nikopol the Skirmisher (Gargoyle Berserker)         Turns: 4073, Time: 00:08:04

Health: -2/66      AC: 13    Str: 25    XL:     7   Next: 14%
Magic:  7/7        EV: 12    Int:  8    God:    Trog [***...]
Gold:   312        SH:  0    Dex: 11    Spells: 0 memorised, 6 levels left

rFire  . . .     SeeInvis .     a - +0 hand axe
rCold  . . .     Gourm    .     z - +0 ring mail
rNeg   + . .     Faith    .     (no shield)
rPois  ∞         Spirit   .     u - +0 helmet
rElec  +         Reflect  .     A - +0 cloak
rCorr  .         Harm     .     (no gloves)
MR     .....                    (no boots)
Stlth  ..........               (no amulet)
                                (no ring)
                                (no ring)

@: berserking, very quick
A: negative energy resistance 1, electricity resistance, unbreathing,
petrification resistance, rot immunity, AC +4
a: Berserk, Trog's Hand, Burn Spellbooks, Renounce Religion


You were on level 5 of the Dungeon.
You worshipped Trog.
Trog was most pleased with you.
You were near starving.

You visited 1 branch of the dungeon, and saw 5 of its levels.

You collected 312 gold pieces.

Inventory:

Hand Weapons
 a - a +0 hand axe (weapon)
Missiles
 y - 16 arrows (quivered)
Armour
 b - a +0 animal skin
 h - a +0 leather armour of cold resistance
 i - a +2 chain mail of cold resistance
 u - a +0 helmet (worn)
 z - a +0 ring mail (worn)
 A - a +0 cloak (worn)
Jewellery
 o - a +6 amulet of reflection {unknown}
 s - an uncursed ring of protection from magic {unknown}
 x - a +4 ring of strength {unknown}
Scrolls
 d - a scroll of amnesia {unknown}
 g - a scroll of remove curse {unknown}
 j - 7 scrolls of identify {unknown}
 l - 4 scrolls of enchant weapon {unknown}
 n - a scroll of enchant armour {unknown}
 p - 2 scrolls of blinking {unknown}
 q - a scroll of noise {unknown}
 w - a scroll of recharging {unknown}
 B - a scroll of teleportation {unknown}
Potions
 e - 3 potions of curing {unknown}
 f - a potion of heal wounds {unknown}
 k - a potion of lignification {unknown}
 m - a potion of might {unknown}
 r - a potion of brilliance {unknown}
 v - 2 potions of ambrosia {unknown}
Comestibles
 c - 3 bread rations
 t - a meat ration
 C - a slice of pizza


   Skills:
 + Level 5.1 Fighting
 + Level 4.1 Axes
 + Level 4.7 Armour
 + Level 3.2 Dodging


You had 6 spell levels left.
You didn't know any spells.

Dungeon Overview and Level Annotations

Branches:
Dungeon (5/15)             Temple (0/1) D:4

Altars:
Okawaru

Annotations:
D:5 Pikel, Sigmund


Innate Abilities, Weirdness & Mutations

You are resistant to torment.
Your stone body is resilient. (AC +4)
You are immune to poison.
You resist negative energy. (rN+)
You are resistant to electric shocks. (rElec)
You can survive without breathing.
You are immune to petrification.
You are immune to rotting.


Message History

* * * LOW HITPOINT WARNING * * *
The slave barely misses you. x2; Pikel barely misses you.
The slave hits you but does no damage.
The crimson imp blinks!
A red film seems to cover your vision as you go berserk!
You feel yourself moving faster!
You feel mighty!
You are near starving!
Sigmund hits you from afar with a scythe.
* * * LOW HITPOINT WARNING * * *
The slave hits you but does no damage. The slave barely misses you.
The slave hits you but does no damage. Pikel closely misses you.
The slave hits you but does no damage.
You miss the slave. You barely miss the slave. You hit the slave.
You barely miss the slave. You slash Pikel! The slave hits you.
* * * LOW HITPOINT WARNING * * *
The slave closely misses you.
You miss the slave. You hit Pikel. You closely miss the slave.
You hit the slave. You hit the slave but do no damage.
The slave hits you but does no damage. Sigmund misses you.
Pikel hits you but does no damage. The slave hits you.
You die...

## ###.
#.### .....
#.... #.....
#....# #....
#.....##...#
>..........#
#..pp.5#
#..@p@.#
##.pK..#
#.........#
#..?.....##
.....)...#
...#.....##
...##......
...#
#......#


You could see Pikel, Sigmund, 4 slaves and a crimson imp.

Vanquished Creatures
  A hungry ghost (D:4)
  The ghost of Scuka the Digger, an amateur GrEE (D:3)
  A hound (D:4)
  3 orc priests (D:4)
  A worker ant (D:4)
  7 adders
  An ooze (D:1)
  3 worms
  3 dart slugs (D:3)
  2 leopard geckos
  An orc (D:4)
  3 giant cockroaches
  7 goblins
  8 hobgoblins
  4 jackals (D:4)
  9 kobolds
  10 bats
  6 frilled lizards
  2 quokka skeletons (D:4)
  8 rats
  16 fungi (D:1)
97 creatures vanquished.

Notes
Turn   | Place    | Note
-------+----------+-------------------------------------------
     0 | D:1      | nikopol the Gargoyle Berserker began the quest for the Orb.
     0 | D:1      | Reached XP level 1. HP: 14/14 MP: 1/1
    53 | D:1      | Reached XP level 2. HP: 12/19 MP: 2/2
   301 | D:1      | Found an iron altar of Okawaru.
   792 | D:1      | Reached XP level 3. HP: 23/23 MP: 3/3
   930 | D:2      | Reached ** piety under Trog
  1412 | D:2      | Reached XP level 4. HP: 26/29 MP: 4/4
  1915 | D:3      | Noticed Scuka's ghost (amateur GrEE)
  1932 | D:3      | Killed Scuka's ghost
  1932 | D:3      | Reached skill level 4 in Fighting
  1932 | D:3      | Reached XP level 5. HP: 22/33 MP: 5/5
  2933 | D:4      | Noticed a hungry ghost
  2961 | D:4      | Killed a hungry ghost
  2961 | D:4      | Reached XP level 6. HP: 39/39 MP: 6/6
  2970 | D:4      | Paralysed by fainting for 10 turns
  3250 | D:4      | Found a staircase to the Ecumenical Temple.
  3257 | D:4      | Reached *** piety under Trog
  3466 | D:4      | Reached skill level 5 in Fighting
  3466 | D:4      | Reached XP level 7. HP: 27/44 MP: 7/7
  4055 | D:5      | Entered Level 5 of the Dungeon
  4055 | D:5      | Noticed Sigmund
  4055 | D:5      | Noticed Pikel
  4072 | D:5      | HP: 1/66 [slave[Pikel] (4)]
  4073 | D:5      | Slain by a slave

Skill      XL: |  1  2  3  4  5  6 |
---------------+-------------------+-----
Dodging        | 2 3 |  3.2
Axes           | 3 4 |  4.1
Armour         | 3 4 |  4.7
Fighting       | 4 5 |  5.1

Action                   |  1- 3 |  4- 6 |  7- 9 || total
-------------------------+-------+-------+-------++-------
Melee: Hand axe          |   275 |   181 |    38 ||   494
Invok: Berserk           |     1 |     3 |     1 ||     5
  Eat: Chunk             |     2 |     7 |     2 ||    11
       Royal jelly       |       |     1 |       ||     1
       Bread ration      |       |     1 |       ||     1
Armor: Animal skin       |    22 |       |       ||    22
       Leather armour    |    53 |    32 |       ||    85
       Ring mail         |       |    41 |    39 ||    80
Dodge: Dodged            |   124 |    97 |    57 ||   278
